cohdb
Replays
Latest Replays
All Replays
Popular Replays
Top Player Replays
Match Explorer
How It Works
Community
CoH3 Stats
Reddit
Sign in to upload your games and track your stats! →
Sign in with Steam
Match 41924158
Unlisted
Match 41924158
Overview
Messages
Build Orders
End
Kettenkrad Recon Vehicle
Construct Infanterie Kompanie
Selects Terror Battlegroup
MG 42 Machine Gun Team
Grenadier Squad
Grenadier Squad
Construct Panzergrenadier Kompanie
Selects Heavy Gunnery
Panzergrenadier Squad
251 Medium Carrier
Pak 40 Anti-tank Gun Team
Panzergrenadier Officer Quarters
Selects Interrogate
Medical Bunker
Construct Panzer Kompanie
Stoßtruppen Squad
Selects Propaganda Leaflet Drop
Propaganda Leaflet Drop
Panzer IV Medium Tank
Panzer Officer Quarters
Propaganda Leaflet Drop
Pioneer Squad
Side Skirts
Selects No Quarter
Stoßtruppen Squad
Propaganda Leaflet Drop
Panzer IV Medium Tank
Selects King Tiger Heavy Tank
Propaganda Leaflet Drop
King Tiger Heavy Tank
Selects V1 Rocket Strike
V1 Rocket Strike
Sturmpanzer IV Brummbär
Propaganda Leaflet Drop
Colonel0tto
SovietBuffalo
Null
Toucan Empire
0
0
Comments
sign in to comment!
No comments posted yet!